 Dungeon Crawl Stone Soup version 0.17.0-1-g61d176b (webtiles) character file.

194 pipel the Skirmisher (level 5, -7/42 HPs)
             Began as a Mummy Chaos Knight on Nov 7, 2015.
             Killed by the severe capriciousness of Xom (49 damage)
             ... on level 1 of the Dungeon.
             The game lasted 00:08:20 (9974 turns).

pipel the Skirmisher (Mummy Chaos Knight)           Turns: 9974, Time: 00:08:25

Health: -7/42      AC: 11    Str: 16    XL:     5   Next: 44%
Magic:  5/5        EV:  5    Int: 11    God:    Xom [...*..]
Gold:   3068       SH:  0    Dex: 12    Spells: 0 memorised, 4 levels left

rFire  x . .     SeeInvis .     a - +1 falchion (chaos)
rCold  + + .     Clarity  .     w - +0 plate armour {rC+}
rNeg   + + +     SustAt   .     (no shield)
rPois  ∞         Gourm    .     (no helmet)
rElec  .         Spirit   .     (no cloak)
rCorr  .         Warding  .     (no gloves)
rMut   .         Stasis   .     (no boots)
MR     .....                    (no amulet)
Stlth  ..........               (no ring)
                                (no ring)

@: not resistant to hostile enchantments, extremely unstealthy
A: no food or potions, fire vulnerability, cold resistance 1, negative energy
resistance 3, torment resistance, unbreathing
a: Renounce Religion


You were on level 1 of the Dungeon.
You worshipped Xom.
You were a BORING thing.
You were not hungry.

You visited 1 branch of the dungeon, and saw 2 of its levels.

You collected 3068 gold pieces.

Inventory:

Hand Weapons
 a - a +1 falchion of chaos (weapon)
 d - a cursed -3 spear
 g - a +0 hunting sling
 h - a +1 dagger of venom
Missiles
 c - 31 sling bullets
 e - 107 stones (quivered)
 f - 19 bolts
 s - 16 poisoned arrows
Armour
 b - a +2 leather armour
 k - a +0 scale mail
 w - a +0 plate armour of cold resistance (worn)
Rods
 v - a +4 rod of ignition (9/9)
   (Xom gifted it to you on level 1 of the Dungeon)
 x - a +4 rod of inaccuracy (13/13)
   (Xom gifted it to you on level 1 of the Dungeon)
Wands
 i - a wand of fire (11)
 j - a wand of flame (30)
 y - a wand of enslavement (8)
Scrolls
 l - a scroll of teleportation {unknown}
 m - a scroll of blinking {unknown}
 n - 2 scrolls of amnesia {unknown}
 o - a scroll of fog
 p - a scroll of remove curse {unknown}
 q - a scroll of noise {unknown}
 r - a scroll of recharging {unknown}
 t - a scroll of identify
 u - a scroll of random uselessness {unknown}
Comestibles
 z - 13 royal jellies


   Skills:
 + Level 4.1 Fighting
 + Level 3.1 Long Blades
 + Level 0.1 Throwing
 + Level 2.6 Armour
 + Level 1.9 Dodging
 - Level 1.1 Stealth
 * Level 0.1 Evocations


You had 4 spell levels left.
You didn't know any spells.

Dungeon Overview and Level Annotations

Branches:
Dungeon (2/15)

Altars:


Innate Abilities, Weirdness & Mutations

You do not eat or drink.
Your flesh is vulnerable to fire.
You are immune to poison.
Your flesh is cold resistant.
You are immune to negative energy.
You are immune to unholy pain and torment.
You can survive without breathing.


Message History

You start waiting.
Done waiting.
You start waiting.
Xom's power flows through you!
You start waiting.
Your butterfly disappears in a puff of smoke! x8
Xom alters the dungeon around you.
You are now a favourite toy of Xom.
You start waiting.
The kobold shouts!
Xom is getting BORED.
You start waiting.
You are now a BORING thing.
You start waiting.
Xom's attention turns to you. The fire burns you terribly!
There is a sudden and violent explosion of flames!
The fireball engulfs you! The fire burns you terribly!
Ouch! That really hurt!
You die...
Xom roars with laughter!

....## ##'##.# #.... .....#
####.##.############.... .#...#
####.##.######........8. ###..#
####).#.######....###... .#...#
#####.#.####.'....'....# ...#.#
#####...####.#....###... #.##.#
#####...####.#....# #.8. ...#.#
#####...####.#....# #... .#...#
#####..@####)#K...# ##.# ###..#
#####.#....#.###### #... .#...#
#####.#.##.#.## #.8. .....##
#####.#.#..#.## #... #.....#
#####.#.#..#.## ####
#####.###########################
#.'.....#...........#........
#######.#.#########.#.#######
#.....#.....#.....#.....#..


You could see a kobold.

Vanquished Creatures
  An ice beast (D:1)
  Terence (D:2)
  An adder (D:1)
  An ooze (D:1)
  A worm (D:1)
  2 giant geckos (D:2)
  2 ball pythons (D:1)
  3 giant cockroaches (D:1)
  8 goblins
  6 hobgoblins
  13 kobolds
  A quokka (D:2)
  5 bats
  4 giant newts
  5 rats
  A rat (shapeshifter) (D:1)
55 creatures vanquished.

Vanquished Creatures (others)
  A goblin (D:1)
  2 jackals (D:1)
3 creatures vanquished.

Grand Total: 58 creatures vanquished

Notes
Turn   | Place    | Note
--------------------------------------------------------------
     0 | D:1      | pipel the Mummy Chaos Knight began the quest for the Orb.
     0 | D:1      | Reached XP level 1. HP: 18/18 MP: 1/1
   179 | D:1      | Reached XP level 2. HP: 24/24 MP: 2/2
   207 | D:1      | Reached skill level 1 in Dodging
   251 | D:1      | XOM: harmless Conj miscast
   359 | D:1      | XOM: divination: detect creatures
   919 | D:2      | Reached XP level 3. HP: 29/29 MP: 3/3
   923 | D:2      | XOM: vitrification
   924 | D:2      | Noticed Terence
   926 | D:2      | Killed Terence
  2423 | D:1      | XOM: mild Erth miscast
  2656 | D:1      | XOM: god gift: lead wand {god gift}
  2878 | D:1      | XOM: vitrification
  2939 | D:1      | XOM: god gift: worn bone wand {god gift}
  3159 | D:1      | XOM: colour smoke trail
  3285 | D:1      | XOM: harmless Conj miscast
  3314 | D:1      | XOM: mild Trmt miscast
  3463 | D:1      | XOM: stat loss: -1 Int (10/11)
  3745 | D:1      | XOM: harmless Trmt miscast
  3973 | D:1      | XOM: harmless Divn miscast
  4202 | D:1      | XOM: harmless Trmt miscast
  4461 | D:1      | XOM: noise
  4507 | D:1      | XOM is BORED!
  4507 | D:1      | XOM: mild Tloc miscast
  4779 | D:1      | XOM: mild Necr miscast
  4941 | D:1      | Reached XP level 4. HP: 35/37 MP: 4/4
  5150 | D:1      | XOM: colour smoke trail
  5268 | D:1      | XOM: summons 2 hostile shadow creatures
  5269 | D:1      | Noticed a centaur warrior
  5406 | D:2      | XOM: chaos cloud
  5412 | D:2      | Paralysed by you for 6 turns
  5441 | D:2      | Found a faded altar to an unknown god.
  6127 | D:1      | XOM: noise
  6131 | D:1      | XOM: harmless Erth miscast
  6302 | D:1      | XOM is BORED!
  6302 | D:1      | XOM: medium Trmt miscast
  6620 | D:1      | XOM: medium Fire miscast
  6769 | D:1      | XOM: god gift: 21 stones
  6804 | D:1      | XOM: vitrification
  7041 | D:1      | Noticed an ice beast
  7100 | D:1      | Noticed a tengu warrior
  7310 | D:1      | XOM: god gift: 40 gold pieces
  7659 | D:1      | XOM: god gift: scroll labeled HENKOSHAYMO
  7666 | D:1      | Killed an ice beast
  7666 | D:1      | Reached skill level 4 in Fighting
  7666 | D:1      | Reached skill level 1 in Stealth
  7666 | D:1      | Reached XP level 5. HP: 30/42 MP: 5/5
  8411 | D:1      | XOM: god gift: thin jewelled rod {god gift}
  8413 | D:1      | Identified a +4 rod of ignition (9/9) (Xom gifted it to you on level 1 of the Dungeon)
  8419 | D:1      | XOM: vitrification
  8424 | D:1      | XOM: god gift: runed plate armour {god gift}
  8516 | D:1      | XOM: god gift: weird runed rod {god gift}
  8518 | D:1      | Identified a +4 rod of inaccuracy (13/13) (Xom gifted it to you on level 1 of the Dungeon)
  8652 | D:1      | XOM is BORED!
  8652 | D:1      | XOM: mild Conj miscast
  8706 | D:2      | XOM: god gift: 2920 gold pieces
  9053 | D:1      | XOM: god gift: gold wand {god gift}
  9382 | D:1      | XOM: god gift: 13 royal jellies
  9820 | D:1      | XOM: cast spell 'Summon Butterflies'
  9880 | D:1      | XOM: vitrification
  9974 | D:1      | XOM is BORED!
  9974 | D:1      | XOM: severe Fire miscast
  9974 | D:1      | Killed by the severe capriciousness of Xom

Action                   |  1- 3 |  4- 6 || total
-------------------------+-------+-------++-------
Melee: Falchion          |   107 |    69 ||   176
Throw: Stone             |       |     5 ||     5
Evoke: Rod               |       |     3 ||     3
  Use: Scroll            |     4 |       ||     4
 Stab: Petrifying        |       |     2 ||     2
